 Dungeon Crawl Stone Soup version 0.19.0-22-gd96e5fe (webtiles) character file.

32 grok76 the Magician (level 3, 0/19 HPs)
             Began as a Deep Elf Wizard on Nov 18, 2016.
             Succumbed to an adder's poison
             ... on level 2 of the Dungeon.
             The game lasted 00:28:32 (1952 turns).

grok76 the Magician (Deep Elf Wizard)               Turns: 1952, Time: 00:28:32

Health: 0/19       AC:  3    Str:  4    XL:     3   Next: 8%
Magic:  11/11      EV: 13    Int: 23    God:
Gold:   84         SH:  0    Dex: 13    Spells: 4 memorised, 5 levels left

rFire  . . .     SeeInvis .     e - +0 club
rCold  . . .     Gourm    .     a - +0 robe
rNeg   . . .     Faith    .     (no shield)
rPois  .         Spirit   .     k - +0 helmet
rElec  .         Reflect  .     (no cloak)
rCorr  .         Harm     .     (no gloves)
MR     .....                    (no boots)
Stlth  ++........               (no amulet)
                                (no ring)
                                (no ring)

@: lethally poisoned (0 -> -6)
A: no striking features
a: no special abilities


You were on level 2 of the Dungeon.
You were not hungry.

You visited 1 branch of the dungeon, and saw 2 of its levels.

You collected 84 gold pieces.

Inventory:

Hand Weapons
 e - a +0 club (weapon)
 v - a +0 hunting sling
 x - a +0 dagger
 D - a +0 club
 G - a +0 club
 H - a +0 whip
Missiles
 h - 26 poisoned needles
 j - 22 arrows
 B - 29 bolts
 C - 19 sling bullets
Armour
 a - a +0 robe (worn)
 b - a +0 hat
 k - a +0 helmet (worn)
 m - a +0 plate armour
 t - a +0 plate armour
 y - a +0 leather armour
 E - a +0 leather armour
Scrolls
 g - a scroll of fear {unknown}
 n - a scroll of fog {unknown}
 p - a scroll of enchant armour {unknown}
 r - a scroll of immolation {unknown}
 u - 3 scrolls of identify {unknown}
 F - a scroll of noise {unknown}
Potions
 f - a potion of degeneration {unknown}
 i - a potion of cancellation {unknown}
 l - 3 potions of curing {unknown}
 s - a potion of berserk rage {unknown}
 w - a potion of might {unknown}
 z - a potion of haste {unknown}
 A - a potion of heal wounds {unknown}
Books
 c - a book of Minor Magic

   Spells                             Type                      Level
   a - Magic Dart                     Conjuration                  1
   b - Blink                          Translocation                2
   c - Call Imp                       Summoning                    2
   d - Repel Missiles                 Charms/Air                   2
   e - Slow                           Hexes                        2
   f - Conjure Flame                  Conjuration/Fire             3
   g - Mephitic Cloud                 Conjuration/Poison/Air       3
Comestibles
 d - a bread ration
 o - 2 meat rations
 q - 7 fruits


   Skills:
 + Level 0.1 Maces & Flails
 + Level 0.1 Armour
 + Level 2.7 Dodging
 + Level 2.8 Stealth
 + Level 5.4 Spellcasting
 + Level 1.2 Conjurations
 + Level 1.1 Summonings
 + Level 1.2 Translocations


You had 5 spell levels left.
You knew the following spells:

 Your Spells              Type           Power        Failure   Level  Hunger
a - Magic Dart            Conj           ##..         6%          1    None
b - Blink                 Tloc           N/A          10%         2    None
c - Call Imp              Summ           ##......     12%         2    None
d - Slow                  Hex            #.......     17%         2    None


Dungeon Overview and Level Annotations

Branches:
Dungeon (2/15)

Altars:
Qazlal


Message History

You don't know that spell.
Casting: Magic Dart
Confirm with . or Enter, or press ? or * to list all spells.
Okay, then.
Unknown command.
Casting: Magic Dart
Confirm with . or Enter, or press ? or * to list all spells.
Okay, then.
Casting: Magic Dart
Confirm with . or Enter, or press ? or * to list all spells.
Okay, then.
Unknown command.
* * * LOW HITPOINT WARNING * * *
You feel sick. The adder bites you.
* * * LOW HITPOINT WARNING * * *
* * * LOW HITPOINT WARNING * * *
You feel sick. The adder bites you but does no damage.
You die...

#.# #.# #.# ##.# #######.###.#
#.# ##. ########...........#
#.# #..
#.......†.....########.####..
#.######.....................
#.# #..##.###.#####....... #.#
#..##.# #.# #####<.. #.#
#..##.# #.# #..#
#####.######..##@# #.# #..#
......#.......##.###.# #...
#######.#####.##.S...# ##..# #
#...........####..########...#
# #.##.#####..#
#.............. # #.##.# #..#
#..###..8.....8 # #K##.# #..#
#..# ##........ #
#.##.#####..####..# #........
####.##....##........#
#........


You could see an adder.

Vanquished Creatures
  An adder (D:2)
  2 giant cockroaches
  3 hobgoblins
  2 kobolds (D:2)
  3 bats
  2 frilled lizards (D:2)
  5 goblins
  4 rats
22 creatures vanquished.

Vanquished Creatures (others)
  A frilled lizard (D:2)
1 creature vanquished.

Grand Total: 23 creatures vanquished

Notes
Turn   | Place    | Note
-------+----------+-------------------------------------------
     0 | D:1      | grok76 the Deep Elf Wizard began the quest for the Orb.
     0 | D:1      | Reached XP level 1. HP: 10/10 MP: 7/7
   375 | D:1      | Reached skill level 5 in Spellcasting
   435 | D:1      | Reached XP level 2. HP: 10/15 MP: 3/10
   846 | D:1      | Learned a level 2 spell: Blink
   849 | D:1      | Learned a level 2 spell: Call Imp
   852 | D:1      | Learned a level 2 spell: Slow
  1683 | D:2      | Found a stormy altar of Qazlal.
  1888 | D:2      | Reached XP level 3. HP: 14/19 MP: 4/11
  1952 | D:2      | Succumbed to an adder's poison

Skill      XL: |  1 |
---------------+----+-----
Spellcasting   | 5 |  5.4
Maces & Flails | |  0.1
Armour         | |  0.1
Dodging        | |  2.7
Stealth        | |  2.8
Conjurations   | |  1.2
Summonings     | |  1.1
Translocations | |  1.2

Action                   || total
-------------------------++-------
Melee: Club              ||    44
 Cast: Magic Dart        ||    50
       Blink             ||     4
 Stab: Sleeping          ||     1
  Eat: Meat ration       ||     1
Armor: Robe              ||    16
       Plate armour      ||    22
Dodge: Dodged            ||    67
